 Dungeon Crawl Stone Soup version 0.24.0-125-gc4c63601f3 (webtiles) character file.

Game seed: 1856621429814868324, levelgen mode: deterministic

511 shadizar the Skirmisher (level 6, -3/57 HPs)
             Began as a Minotaur Fighter on Mar 13, 2020.
             Was a Follower of Okawaru.
             Slain by an ogre
             ... wielding a +0 giant club
              (10 damage)
             ... on level 5 of the Dungeon.
             The game lasted 00:04:27 (3211 turns).

shadizar the Skirmisher (Minotaur Fighter)          Turns: 3211, Time: 00:04:28

Health: -3/57      AC:  7    Str: 23    XL:     6   Next: 99%
Magic:  6/6        EV:  9    Int:  5    God:    Okawaru [*.....]
Gold:   201        SH: 10    Dex:  9    Spells: 5/5 levels left

rFire    . . .     SeeInvis .   a - +0 war axe
rCold    . . .     Gourm    .   c - +0 shield
rNeg     . . .     Faith    .   b - +0 scale mail
rPois    .         Spirit   .   (helmet restricted)
rElec    .         Reflect  .   (no cloak)
rCorr    .         Harm     .   (no gloves)
MR       .....                  (no boots)
Stlth    ..........             (no amulet)
HPRegen  0.19/turn              (no ring)
MPRegen  0.10/turn              (no ring)

@: no status effects
A: retaliatory headbutt, horns 2
a: Heroism, Renounce Religion


You were on level 5 of the Dungeon.
You worshipped Okawaru.
Okawaru was aware of your devotion.
You were not hungry.

You visited 2 branches of the dungeon, and saw 6 of its levels.

You collected 201 gold pieces.

Inventory:

Hand Weapons
 a - a +0 war axe (weapon)
 o - a +1 morningstar of crushing
Armour
 b - a +0 scale mail (worn)
 c - a +0 shield (worn)
 m - a cursed -2 plate armour
Scrolls
 g - 5 scrolls of identify {unknown}
 h - 2 scrolls of enchant weapon {unknown}
 i - a scroll of fog {unknown}
 j - 2 scrolls of amnesia {unknown}
 k - a scroll of teleportation {unknown}
 l - 2 scrolls of blinking {unknown}
 n - 7 scrolls of remove curse {unknown}
 q - a scroll of random uselessness {unknown}
 s - a scroll of enchant armour {unknown}
Potions
 d - 2 potions of might
 e - a potion of curing
 p - 2 potions of flight {unknown}
 t - a potion of brilliance {unknown}
Comestibles
 f - 8 rations


   Skills:
 * Level 6.0 Fighting
 + Level 4.1 Axes
 + Level 4.9 Armour
 + Level 2.9 Dodging
 + Level 5.0 Shields
 + Level 1.7 Invocations


You had 5 spell levels left.
You didn't know any spells.
Your spell library was empty.

Dungeon Overview and Level Annotations

Branches:
Dungeon (5/15)             Temple (1/1) D:4

Altars:
Dithmenos
Elyvilon
Fedhas
Gozag
Kikubaaqudgha
Makhleb
Nemelex Xobeh
Okawaru
Qazlal
Ru
Sif Muna
Trog
Vehumet
Wu Jian
Zin
The Shining One

Annotations:
D:1 1 runed translucent door


Innate Abilities, Weirdness & Mutations

You reflexively headbutt those who attack you in melee.
You have a pair of horns on your head.


Message History

You see here 2 arrows.
You see here an arrow.
The centaur shoots an arrow.
You block the arrow.
You see here an arrow.
The centaur shoots an arrow.
The arrow hits you but does no damage.
You see here an arrow.
The centaur shoots an arrow.
The arrow hits you!
* * * LOW HITPOINT WARNING * * *
You see here an arrow.
The centaur shoots an arrow.
The arrow hits you.
* * * LOW HITPOINT WARNING * * *
All of the chunks of flesh in your inventory have rotted away.
Okay, then.
It was a potion of curing.
You feel better. The ogre barely misses you.
You hit the ogre but do no damage.
The ogre is lightly wounded.
The ogre hits you with a +0 giant club!
* * * LOW HITPOINT WARNING * * *
You feel better. The ogre hits you with a +0 giant club!
You die...

#...............#
#..........#..#.#
#.............# ..
#..........#..# .
#..........#..#
#.......<..#....
##########.#.#######
#.#.......#
#....@.##.#
######O##.# #c##.###
$.. #O.(...# ..#
###....#### #.##
#........# #..#
#.....##.# #..#
#.####.#.# #..# #.
.#c# #..##


You could see 2 ogres and a centaur.

Vanquished Creatures
  A howler monkey (D:4)
  4 orc wizards (D:4)
  2 orc priests (D:3)
  2 hounds (D:4)
  An iguana (D:4)
  Terence (D:3)
  3 worker ants (D:4)
  Robin (D:4)
  2 adders
  An ooze (D:4)
  3 dart slugs
  A leopard gecko (D:4)
  5 orcs
  6 giant cockroaches
  14 goblins
  5 hobgoblins
  8 jackals
  6 kobolds
  A quokka (D:2)
  A ball python (D:4)
  11 bats
  2 frilled lizards
  A jackal skeleton (D:5)
  A leopard gecko skeleton (D:4)
  6 rats
89 creatures vanquished.

Notes
Turn   | Place    | Note
-------+----------+-------------------------------------------
     0 | D:1      | shadizar the Minotaur Fighter began the quest for the Orb.
     0 | D:1      | Reached XP level 1. HP: 19/19 MP: 0/0
     1 | D:1      | Found a runed translucent door.
    72 | D:1      | Reached XP level 2. HP: 17/27 MP: 1/1
   181 | D:1      | Reached skill level 4 in Fighting
   396 | D:1      | Reached skill level 1 in Dodging
   517 | D:1      | Reached XP level 3. HP: 29/33 MP: 2/2
   909 | D:2      | Found an ancient bone altar of Kikubaaqudgha.
  1084 | D:2      | Found an iron altar of Okawaru.
  1092 | D:2      | Became a worshipper of Warmaster Okawaru
  1487 | D:3      | Reached XP level 4. HP: 39/41 MP: 3/3
  1538 | D:3      | Found a bloodstained altar of Trog.
  1688 | D:3      | Noticed Terence
  1699 | D:3      | Killed Terence
  1706 | D:3      | Reached XP level 5. HP: 33/47 MP: 4/4
  2126 | D:4      | Reached skill level 5 in Fighting
  2304 | D:4      | Reached * piety under Okawaru
  2304 | D:4      | Reached skill level 1 in Invocations
  2323 | D:4      | Found a shimmering blue altar of Sif Muna.
  2354 | D:4      | Reached XP level 6. HP: 39/56 MP: 5/5
  2625 | D:4      | Found a staircase to the Ecumenical Temple.
  2639 | Temple   | Entered the Ecumenical Temple
  2897 | D:4      | Reached skill level 6 in Fighting
  2966 | D:4      | Noticed Robin
  2984 | D:4      | Killed Robin
  2984 | D:4      | Reached skill level 5 in Shields
  3119 | D:5      | Entered Level 5 of the Dungeon
  3210 | D:5      | HP: 1/57 [ogre/+0 giant club (16)]
  3211 | D:5      | Slain by an ogre

Levels and vault maps discovered:
D:1:      dpeg_arrival_caged_fury, layout_basic, minmay_tripent
D:2:      layout_basic, old_standard_altar, kiku_gazebo_garden_becter,
          first_ration, hex_tiny, st_stairs_14
D:3:      layout_loops_ring, bloody_trog, chequers_serial_rivers_large_b,
          uniq_terence
D:4:      layout_basic, marbit_many_paths, temple_green, grunt_ministairs_9,
          uniq_robin
D:5:      layout_basic, dancing_weapons_uskayaw, lemuel_doored_altar, minitemple
Temple:   nicolae_temple_hex_pool

Skill      XL: |  1  2  3  4  5  6 |
---------------+-------------------+-----
Fighting       | 4 5 6 |  6.0
Dodging        | 1 2 |  2.9
Armour         | 4 |  4.9
Axes           | 3 4 |  4.1
Shields        | 4 5 |  5.0
Invocations    | 1 |  1.7

Action                   |  1- 3 |  4- 6 || total
-------------------------+-------+-------++-------
Melee: War axe           |    86 |   136 ||   222
       Headbutt          |     9 |    25 ||    34
  Use: Potion            |       |     2 ||     2
  Eat: Chunk             |     1 |     7 ||     8
Armor: Scale mail        |    35 |    52 ||    87
Dodge: Dodged            |    34 |    50 ||    84
Block: Shield            |    46 |    76 ||   122
